 Dungeon Crawl Stone Soup version 0.28-b1-25-g9875b3fc8c (webtiles) character file.

Game seed: 7583087644781150523

46 theElss the Skirmisher (level 3, -1/24 HPs)
             Began as a Gargoyle Berserker on Feb 3, 2022.
             Was a Believer of Trog.
             Slain by a gnoll (9 damage)
             ... on level 2 of the Dungeon.
             The game lasted 00:03:48 (1945 turns).

theElss the Skirmisher (Gargoyle Berserker)         Turns: 1945, Time: 00:03:48

Health: -1/24      AC:  6    Str: 20    XL:     3   Next: 68%
Magic:  3/3        EV: 11    Int:  7    God:    Trog [**....]
Gold:   16         SH:  0    Dex: 11    Spells: 2/2 levels left

rFire   . . .      SeeInvis .   a - +0 mace
rCold   . . .      Faith    .   (no shield)
rNeg    + . .      Spirit   .   g - +0 leather armour
rPois   ∞          Reflect  .   (no helmet)
rElec   +          Harm     .   (no cloak)
rCorr   .          Rampage  .   (no gloves)
Will    .....                   (no boots)
Stlth   +.........              (no amulet)
HPRegen 0.08/turn               (no ring)
MPRegen 0.08/turn               (no ring)

@: no status effects
A: sickness immunity, AC +3, negative energy resistance 1, electricity
resistance, torment resistance 1, petrification resistance
a: Renounce Religion, Berserk, Trog's Hand


You were on level 2 of the Dungeon.
You worshipped Trog.
Trog was pleased with you.
You visited 1 branch of the dungeon, and saw 2 of its levels.

You collected 16 gold pieces.

Inventory:

Hand Weapons
 a - a +0 mace (weapon)
Missiles
 e - a throwing net (quivered)
Armour
 g - a +0 leather armour (worn)
Scrolls
 b - a scroll of torment {unknown}
 c - 3 scrolls of identify {unknown}
 d - a scroll of enchant weapon {unknown}
Potions
 f - a potion of mutation {unknown}
 h - a potion of invisibility {unknown}


   Skills:
 + Level 4.0 Fighting
 + Level 3.6 Maces & Flails
 + Level 2.4 Armour
 + Level 2.0 Dodging


You had 2 spell levels left.
You didn't know any spells.
Your spell library was empty.

Dungeon Overview and Level Annotations

Branches:
Dungeon (2/15)

Altars:


Innate Abilities, Weirdness & Mutations

You are immune to sickness and miasma.
Your stone body is resilient. (AC +3)
You are immune to poison.
You resist negative energy. (rN+)
You are resistant to electric shocks. (rElec)
You are resistant to unholy torment.
You are immune to petrification.


Message History

There is an open door here.
You open the door.
There is an open door here.
You open the door.
There is an open door here.
An endoplasm comes into view.
The endoplasm quivers.
The endoplasm closely misses you.
You hit the endoplasm but do no damage. The endoplasm closely misses you.
You thump the endoplasm!
You kill the endoplasm!
Trog accepts your kill.
b - a scroll labelled JOPRUDGHIMATT You open the door.
There is an open door here.
Found a scale mail.
You see here a +0 scale mail.
You open the door.
There is an open door here.
h - a blue potion
There is an open door here.
A ball python comes into view.
The ball python hisses angrily.
You thump the ball python!
You kill the ball python!
Trog accepts your kill.
Your Dodging skill increases to level 2!
There is an open door here.
There is an open door here.
The gnoll shouts!
You hear a shout! x2
The gnoll closely misses you.
You closely miss the gnoll. The gnoll hits you with a +0 spear.
The gnoll hits you but does no damage.
You hit the gnoll but do no damage. The gnoll hits you with a +0 spear.
The gnoll barely misses you.
You hit the gnoll.
The gnoll is moderately wounded.
The gnoll hits you with a +0 spear!
The gnoll hits you from afar with a +0 halberd!
You die...

#.# ##'## #.####.. #.#
#.# #.##.... ... #.#
#.##.#.# #.# ## ##.##
###.##.#.# #.# g.
##...####.#.##.#.# # #.
#.....##.#.......# g..
#. ##...##.###.##.###
#....#.####.##.## ##.#.#
.......gg@......###....#
###.############.#.#####
##.## ###


You could see 2 gnolls.

Vanquished Creatures
  A dart slug (D:1)
  4 ball pythons
  7 endoplasms
  2 giant cockroaches (D:1)
  3 goblins (D:1)
  4 hobgoblins
  7 jackals (D:1)
  3 kobolds (D:1)
  A quokka (D:1)
  A bat (D:1)
  A frilled lizard (D:1)
  4 rats (D:1)
38 creatures vanquished.

Notes
Turn   | Place    | Note
-------+----------+-------------------------------------------
     0 | D:1      | theElss the Gargoyle Berserker began the quest for the Orb.
     0 | D:1      | Reached XP level 1. HP: 14/14 MP: 1/1
   316 | D:1      | Reached XP level 2. HP: 13/19 MP: 2/2
   856 | D:1      | Reached XP level 3. HP: 16/24 MP: 3/3
  1016 | D:1      | Reached ** piety under Trog
  1606 | D:2      | Reached skill level 4 in Fighting
  1945 | D:2      | Slain by a gnoll

Illustrated notes

Levels and vault maps discovered:
D:1:      ebering_hopf_link, layout_rooms, st_stairs_14, minmay_bisected
D:2:      layout_loops_corners, chequers_ecumenical_altar_lobes,
          kennysheep_doodads

Skill      XL: |  1  2  3 |
---------------+----------+-----
Fighting       | 4 |  4.0
Dodging        | 2 |  2.0
Maces & Flails | |  3.6
Armour         | |  2.4

Action                   || total
-------------------------++-------
Melee: Mace              ||   114
       Punch             ||     2
Invok: Berserk           ||     1
Armor: Animal skin       ||    45
       Leather armour    ||     3
Dodge: Dodged            ||    74
